 Dungeon Crawl Stone Soup version 0.20.1-1-g8b1a95d (webtiles) character file.

1315 froobite the Ducker (level 8, -5/69 HPs)
             Began as a Grey Draconian Berserker on Aug 1, 2017.
             Was a Priest of Trog.
             Splashed by a jelly's acid (7 damage)
             ... on level 6 of the Dungeon.
             The game lasted 00:27:10 (3683 turns).

froobite the Ducker (Grey Draconian Berserker)      Turns: 3683, Time: 00:27:13

Health: -5/69      AC: -5    Str: 21    XL:     8   Next: 33%
Magic:  8/8        EV: 14    Int:  8    God:    Trog [***...]
Gold:   335        SH:  4    Dex: 11    Spells: 7/7 levels left

rFire    . . .     SeeInvis .   q - +0 falchion (holy)
rCold    . . .     Gourm    .   t - +0 buckler
rNeg     . . .     Faith    .   (armour unavailable)
rPois    +         Spirit   .   (helmet restricted)
rElec    .         Reflect  .   (no cloak)
rCorr    .         Harm     .   (no gloves)
MR       ++...                  (no boots)
Stlth    +++.......             c - amulet of rage
Regen    1.3/turn               o - ring of poison resistance
MPRegen  0.2/turn               s - ring of stealth

@: corroded, regenerating
A: walk through water, unfitting armour, unbreathing, cold-blooded, AC +11
a: Berserk, Trog's Hand, Burn Spellbooks, Renounce Religion, Evoke Berserk Rage


You were on level 6 of the Dungeon.
You worshipped Trog.
Trog was most pleased with you.
You were not hungry.

You visited 1 branch of the dungeon, and saw 6 of its levels.

You collected 335 gold pieces.

Inventory:

Hand Weapons
 a - a +0 hand axe
 h - a +0 great sword
 q - a +0 falchion of holy wrath (weapon)
 v - a +1 glaive of venom
Armour
 t - a +0 buckler (worn)
Jewellery
 c - an amulet of rage (around neck)
 o - a ring of poison resistance (left hand)
 s - a ring of stealth (right hand)
Wands
 p - a wand of random effects (23/48)
Scrolls
 d - a scroll of magic mapping
 r - a scroll of blinking
Potions
 e - 2 potions of cancellation
 f - a potion of degeneration {unknown}
 g - 4 potions of lignification
 i - a potion of brilliance
 j - a potion of might {unknown}
 k - a potion of agility {unknown}
 l - a potion of curing {unknown}
 m - a potion of resistance
 w - a potion of magic {unknown}
Comestibles
 b - 2 bread rations
 n - 4 fruits
 u - 4 chunks of flesh


   Skills:
 + Level 5.4 Fighting
 + Level 5.8 Long Blades
 + Level 3.9 Axes
 + Level 5.9 Dodging
 + Level 1.8 Stealth
 + Level 2.2 Shields
 + Level 0.2 Evocations


You had 7 spell levels left.
You didn't know any spells.

Dungeon Overview and Level Annotations

Branches:
Dungeon (6/15)             Temple (0/1) D:4

Altars:

Shops:
D:4 :


Innate Abilities, Weirdness & Mutations

You can walk through water.
Your dull iron-grey scales are very hard. (AC +11)
You cannot fit into any form of body armour.
You can survive without breathing.
You are cold-blooded and may be slowed by cold attacks.


Message History

Your skin crawls.
You feel resistant to hostile enchantments.
You feel somewhat more hungry. You block the jelly's attack.
You hit the jelly.
Your hands burn!
* * * LOW HITPOINT WARNING * * *
You tail-slap the jelly, but do no damage.
The jelly is heavily wounded.
You block the jelly's attack.
You completely miss the jelly.
You tail-slap the jelly, but do no damage.
The jelly is heavily wounded.
The jelly misses you.
You riposte.
You slash the jelly!
The jelly is almost dead.
You hit the jelly but do no damage. The acid corrodes you!
Your hands burn!
* * * LOW HITPOINT WARNING * * *
The jelly is almost dead.
The jelly hits you.
* * * LOW HITPOINT WARNING * * *
You are splashed with acid!
The acid burns!
You die...

#.......#
##....###
###..#### ###
#......# ...
#...##.###.#
#..........#
#.####.#.###
#.####....#
#...@J....#
#######...#
#...# #...#
#...#
#..............
...............
#.?.$..(.......
##.####...#####


You could see a jelly.

Vanquished Creatures
  Eustachio (D:5)
  A phantom (D:5)
  The ghost of Megalobster the Covered, an amateur DDFi (D:3)
  A black bear (D:6)
  An ogre (D:5)
  A bullfrog (D:5)
  Blork the orc (D:5)
  A scorpion (D:5)
  2 howler monkeys
  3 crimson imps
  A bullfrog skeleton (D:4)
  A hound (D:4)
  2 orc priests (D:5)
  2 orc wizards (D:5)
  3 iguanas
  2 worker ants (D:5)
  A hound skeleton (D:4)
  3 adders
  3 gnolls (D:5)
  2 oozes
  2 dart slugs (D:1)
  3 leopard geckos
  12 orcs
  A ball python (D:3)
  3 giant cockroaches
  6 goblins
  7 hobgoblins
  11 jackals
  6 kobolds
  A quokka (D:5)
  8 bats
  A giant cockroach zombie (D:6)
  A leopard gecko skeleton (D:5)
  A quokka zombie (D:5)
  3 rats
99 creatures vanquished.

Notes
Turn   | Place    | Note
-------+----------+-------------------------------------------
     0 | D:1      | froobite the Draconian Berserker began the quest for the Orb.
     0 | D:1      | Reached XP level 1. HP: 19/19 MP: 1/1
   212 | D:1      | Reached XP level 2. HP: 26/26 MP: 2/2
   789 | D:2      | Reached XP level 3. HP: 31/31 MP: 3/3
   870 | D:2      | Reached ** piety under Trog
  1773 | D:3      | Noticed Megalobster's ghost (amateur DDFi)
  1785 | D:3      | HP: 2/49 [Megalobster's ghost (12)]
  1787 | D:3      | Killed Megalobster's ghost
  1787 | D:3      | Reached skill level 1 in Long Blades
  1787 | D:3      | Reached XP level 4. HP: 3/40 MP: 4/4
  1787 | D:3      | Reached XP level 5. HP: 3/46 MP: 5/5
  1974 | D:4      | Found Pocuzil's Book Boutique.
  2059 | D:4      | Reached skill level 1 in Stealth
  2059 | D:4      | Reached XP level 6. HP: 20/53 MP: 6/6
  2164 | D:4      | Found a staircase to the Ecumenical Temple.
  2513 | D:5      | Entered Level 5 of the Dungeon
  2537 | D:5      | Reached skill level 1 in Shields
  2557 | D:5      | Reached *** piety under Trog
  2558 | D:5      | Noticed Eustachio
  2559 | D:5      | Your scales start taking on a dull iron-grey colour.
  2559 | D:5      | Reached XP level 7. HP: 28/60 MP: 7/7
  2559 | D:5      | Gained mutation: You can survive without breathing. [Grey Draconian growth]
  2571 | D:5      | HP: 3/60 [shadow imp/nerve-wracking pain[Eustachio] (14)]
  2632 | D:5      | Noticed Blork the orc
  2650 | D:5      | Killed Blork the orc
  2650 | D:5      | Reached skill level 5 in Fighting
  2870 | D:5      | Killed Eustachio
  2870 | D:5      | Reached skill level 5 in Long Blades
  2870 | D:5      | Reached skill level 5 in Dodging
  3026 | D:5      | Reached XP level 8. HP: 46/69 MP: 8/8
  3679 | D:6      | HP: 3/69 [acid (4)]
  3683 | D:6      | Splashed by a jelly's acid

Skill      XL: |  1  2  3  4  5  6  7  8 |
---------------+-------------------------+-----
Dodging        | 3 4 5 |  5.9
Fighting       | 4 5 |  5.4
Long Blades    | 1 3 4 5 |  5.8
Stealth        | 1 |  1.8
Shields        | 1 2 |  2.2
Axes           | |  3.9
Evocations     | |  0.2

Action                   |  1- 3 |  4- 6 |  7- 9 || total
-------------------------+-------+-------+-------++-------
Melee: Hand axe          |    74 |       |       ||    74
       Tailslap          |    13 |    13 |    32 ||    58
       Great sword       |    32 |       |       ||    32
       Falchion          |    12 |    97 |   156 ||   265
Invok: Berserk           |     1 |     3 |     5 ||     9
       Trog's Hand       |       |       |     3 ||     3
Evoke: Wand              |       |       |     4 ||     4
  Use: Scroll            |    13 |     1 |     4 ||    18
       Potion            |       |     2 |     4 ||     6
 Stab: Distracted        |       |       |     1 ||     1
       Sleeping          |       |       |     1 ||     1
  Eat: Chunk             |     1 |     1 |     1 ||     3
       Bread ration      |     1 |       |     1 ||     2
       Meat ration       |       |     1 |       ||     1
       Fruit             |       |       |     3 ||     3
Armor: Skin              |    56 |    39 |    80 ||   175
Dodge: Dodged            |   136 |    61 |   145 ||   342
Block: Buckler           |       |    18 |    32 ||    50
       Rpst.: Great sword |    10 |       |       ||    10
       Falchion          |     2 |    26 |    46 ||    74
